 Dungeon Crawl Stone Soup version 0.31.0-12-g77e489cdc1 (webtiles) character file.

Game seed: 17612922056700427184

127 lordive the Insei (level 5, -19/29 HPs)
             Began as a Merfolk Shapeshifter on Feb 28, 2024.
             Demolished by an ogre
             ... wielding a +0 giant club
              (31 damage)
             ... while paralysed by Grinder
             ... on level 4 of the Dungeon.
             The game lasted 00:05:08 (2777 turns).

lordive the Insei (Merfolk Shapeshifter)            Turns: 2777, Time: 00:05:08

Health: -19/29     AC:  3    Str: 14    XL:     5   Next: 11%
Magic:  14/14      EV:  2    Int:  9    God:
Gold:   194        SH:  0    Dex: 16    Spells: 4/4 levels left

rFire   . .          .
                       - Unarmed
rCold   . . .        (shield currently unavailable)
rNeg    . . .        p - melded +0 leather armour
rPois   .            (no helmet)
rElec   .            (no cloak)
rCorr   .            s - +1 pair of gloves
SInv    .            t - +0 pair of boots
Will    .....        (no amulet)
Stlth   +            r - ring of magical power
HPRegen 0.24/turn    (no ring)
MPRegen 0.14/turn

%: no passive effects
@: paralysed, flux-form, glowing
A: glow, contaminating, reduced hp, (nimble swimmer 2), mertail
a: Begin Untransformation


You were on level 4 of the Dungeon.
You were something dangerously unstable.
You visited 1 branch of the dungeon, and saw 4 of its levels.

You collected 194 gold pieces.

Inventory:

Armour
 a - a +0 animal skin
 p - a +0 leather armour (melded)
 s - a +1 pair of gloves (worn)
 t - a +0 pair of boots (worn)
Jewellery
 r - a ring of magical power (left hand)
Talismans
 c - a beast talisman
 d - a flux talisman (active)
Scrolls
 h - a scroll of torment {unknown}
 i - a scroll of poison {unknown}
 j - a scroll of vulnerability {unknown}
 k - a scroll of fear {unknown}
 l - a scroll of silence {unknown}
 n - a scroll of fog {unknown}
Potions
 b - a potion of lignification
 e - 2 potions of curing {unknown}
 f - 2 potions of heal wounds {unknown}
 g - a potion of attraction {unknown}
 m - a potion of cancellation {unknown}
 o - a potion of magic {unknown}
 q - a potion of degeneration {unknown}


   Skills:
 + Level 1.1 Fighting
 + Level 3.5 Dodging
 + Level 1.1 Stealth
 + Level 5.0 Unarmed Combat
 + Level 4.9 Shapeshifting


You had 4 spell levels left.
You didn't know any spells.
Your spell library contained the following spells:

 Spells                   Type           Power      Damage    Failure   Level
 Summon Ice Beast         Ice/Summ       0%         N/A       77%         3
 Summon Mana Viper        Hex/Summ       0%         N/A       100%        5
 Monstrous Menagerie      Summ           0%         N/A       100%        7


Dungeon Overview and Level Annotations

Branches:
Dungeon (4/15)
 Temple: D:4-7

Altars:

Shops:
D:1 [

Annotations:
D:4 Grinder


Innate Abilities, Weirdness & Mutations

You are something dangerously unstable.
You glow with magical radiation, making you easy to see and hit.
Foes you strike become dangerously contaminated with magical radiation.
Your maximum health is decreased, since you lack skill for your form.
You are incapable of wielding weapons or throwing items.
((You are very nimble when in or above water. (Stealth+, EV+, Speed+++)))
Your lower body shifts to a powerful aquatic tail in water.


Message History

You continue putting on your +0 pair of boots. x4
You finish putting on your +0 pair of boots.
You start removing your armour.
You continue taking off your +0 animal skin. x4
You finish taking off your +0 animal skin.
You start putting on your armour.
You continue putting on your +0 leather armour. x5
You finish putting on your +0 leather armour.
Unknown command.
Sorry, you're not good enough to have a special ability.
You begin transforming.
You continue transforming. x3
You turn into something dangerously unstable.
Your +0 leather armour melds into your body.
HP restored.
Unknown command.
Done exploring.
Unknown command.
Done exploring.
Done exploring.
Done exploring.
Done exploring.
What level of the Dungeon? (default 3, ? - help)
There is a stone staircase leading down here.
You climb downwards.
There is a stone staircase leading up here.
Grinder comes into view.
She is carrying a wand of flame.
Grinder shouts!
You hear a shout!
You hear an angry hiss.
You hear a shout!
An ogre comes into view. It is wielding a +0 giant club.
There are monsters nearby!
There are monsters nearby!
There are monsters nearby!
An orc priest comes into view. It is wielding a +0 club.
Grinder gestures at you.
You suddenly lose the ability to move!
Grinder blinks!
Grinder zaps a wand.
The puff of flame hits you!
Grinder zaps a wand.
The puff of flame hits you!
The ogre hits you with a +0 giant club!!
Ouch! That really hurt!
You die...

......### ......#
......... ###+#.#
..5...... .#
#........ .#
#....o...
.........
#........
#........
#pO...... ##
###........
....###..........
#.....#####....
#####..<..# ...
#..##.# .. #..# #
. #..# #...


You could see Grinder, an ogre and an orc priest.

Vanquished Creatures
  6 adders
  3 dart slugs
  2 ribbon worms (D:2)
  7 ball pythons
  7 endoplasms
  A giant cockroach (D:3)
  3 goblins
  10 hobgoblins
  4 jackals (D:1)
  A kobold (D:2)
  3 quokkas
  5 bats
  2 frilled lizards (D:1)
  6 rats
60 creatures vanquished.

Notes
Turn   | Place    | Note
-------+----------+-------------------------------------------
     0 | D:1      | lordive the Merfolk Shapeshifter began the quest for the
                  | Orb.
     0 | D:1      | Reached XP level 1. HP: 15/15 MP: 1/1
    62 | D:1      | Reached XP level 2. HP: 21/21 MP: 2/2
   237 | D:1      | Reached skill level 4 in Unarmed Combat
   431 | D:1      | Reached XP level 3. HP: 22/26 MP: 3/3
   579 | D:1      | Found a faded altar of an unknown god.
   608 | D:1      | Found Uklib's Armour Boutique.
  1173 | D:2      | Reached XP level 4. HP: 29/32 MP: 4/4
  2228 | D:3      | Reached skill level 1 in Stealth
  2610 | D:4      | Reached XP level 5. HP: 29/37 MP: 5/5
  2679 | D:4      | Reached skill level 5 in Unarmed Combat
  2771 | D:4      | Noticed Grinder
  2771 | D:4      | Noticed an ogre
  2773 | D:4      | Paralysed by Grinder for 5 turns
  2777 | D:4      | Demolished by an ogre

Illustrated notes

Levels and vault maps discovered:
D:1:      dpeg_arrival_castle, layout_basic, serial_shops, shop,
          basic_ecumenical_altar
D:2:      layout_loops_ring
D:3:      layout_loops_cross, serial_bayou, serial_bayou_pond_b,
          serial_bayou_ford_a, serial_bayou_crossing, serial_bayou_lagoon_a,
          hangedman_decor_points, columned_hall_lemuel
D:4:      layout_basic, minmay_temple_entry_sparse_star, uniq_grinder

Skill      XL: |  1  2  3  4  5 |
---------------+----------------+-----
Dodging        | 3 |  3.5
Unarmed Combat | 4 5 |  5.0
Stealth        | 1 |  1.1
Fighting       | |  1.1
Shapeshifting  | |  4.9

Action                     |  1- 3 |  4- 6 || total
---------------------------+-------+-------++-------
  Melee: Unarmed           |   126 |    47 ||   173
         Tailslap          |     2 |     1 ||     3
Ability: Begin Untransform |     1 |     1 ||     2
   Stab: Sleeping          |     3 |     4 ||     7
 Armour: Animal skin       |    26 |    17 ||    43
         Skin              |    14 |     3 ||    17
  Dodge: Dodged            |    81 |    50 ||   131
   Form: Flux              |     2 |     1 ||     3
         Beast             |     1 |       ||     1
